cohdb
Replays
Latest Replays
All Replays
Popular Replays
Top Player Replays
Match Explorer
How It Works
Community
CoH3 Stats
Reddit
Sign in to upload your games and track your stats! →
Sign in with Steam
Match 46356011
Unlisted
Match 46356011
Overview
Messages
Build Orders
End
Kradschützen Motorcycle Team
Kradschützen Motorcycle Team
Selects Italian Infantry
Panzergrenadier Squad
Construct Light Support Kompanie
MG34 Team
Fire Support Elements
Flakvierling Half-track
Assault Mechanized Group
Selects Guastatori Squad
Guastatori Squad
MG34 Team
VHSmonster
Brick_man
0
0
Comments
sign in to comment!
No comments posted yet!